AoeStats
← 我说狂阿七比肥龙强,B站关注狂阿七谢谢喵

Arabia

509368561Analyzed
2v2 RM · 7d ago on Sep 26, 2026· 25m 27s· 4 players
Game mode
Random Map
Map size
Medium (4 player)
Population
200
Speed
Normal
Resources
Standard
Victory
Conquest
Starting age
Dark Age
Ending age
Imperial Age
RankedLock teamsTeams togetherTeam positionsShared explorationLock speedFull tech treeHidden civsTurbo modeCheats
Victory
Defeat
🇨🇳 Saxons · China
999
+19
🇺🇸 Saxons · United States
1078
-19
🇺🇸 Jurchens · United States
1041
-17
sagvaidya
6:18 Loom
8:49 Feudal Age
9:57 Double-Bit Axe
19:28 Horse Collar
22:06 Castle Age
20:28 Gold Mining
20:54 Forging
20:50 Scale Barding Armor
21:34 Bloodlines
22:54 Husbandry
23:40 Chain Barding Armor
bhausaheb
6:34 Loom
9:38 Feudal Age
10:45 Double-Bit Axe
14:23 Fletching
20:48 Castle Age
19:16 Padded Archer Armor
21:41 Wheelbarrow
20:54 Crossbowman
22:48 Bodkin Arrow
我说狂阿七比肥龙强,B站关注狂阿七谢谢喵
10:44 Feudal Age
14:47 Castle Age
13:20 Double-Bit Axe
17:37 Wheelbarrow
17:20 Bow Saw
23:24 Horse Collar
24:41 Gold Mining
24:41 Loom
qbe
8:14 Loom
10:13 Feudal Age
12:21 Double-Bit Axe
14:56 Castle Age
13:53 Horse Collar
15:16 Scale Mail Armor
16:09 Bow Saw
21:13 Chain Mail Armor
23:43 Squires
25:48 Forging
Connection lost

Rejoining the realm…

Still unreachable

The connection could not be restored.

Session expired

The server has moved on; the page needs a fresh start.